 Dungeon Crawl Stone Soup version 0.19.0-24-gb05acd6 (webtiles) character file.

14918 equalderp2856 the Gouger (level 11, 0/46 HPs)
             Began as a Felid Fighter on Nov 22, 2016.
             Killed by divine providence
             ... invoked by an orc priest
             ... led by an orc knight
              (10 damage)
             ... on level 13 of the Dungeon.
             The game lasted 02:12:15 (28403 turns).

equalderp2856 the Gouger (Felid Fighter)           Turns: 28403, Time: 02:12:16

Health: 0/46       AC:  2    Str: 13    XL:     11   Next: 95%
Magic:  16/21      EV: 25    Int: 10    God:
Gold:   927        SH:  0    Dex: 18    Spells: 8 memorised, 4 levels left
                                        Lives:  0   Deaths: 3

rFire  . . .     SeeInvis +       - Unarmed
rCold  . . .     Gourm    .     (armour unavailable)
rNeg   . . .     Faith    .     (shield unavailable)
rPois  .         Spirit   .     (helmet unavailable)
rElec  .         Reflect  .     (cloak unavailable)
rCorr  .         Harm     .     (gloves unavailable)
MR     +....                    (boots unavailable)
Stlth  ++++++....               (no amulet)
                                (no ring)
                                j - ring of stealth

@: quick
A: no armour, no weapons or thrown items, stealth, claws 1, fangs 3, see
invisible, carnivore 3, speed 1, shaggy fur 2, slow metabolism 1, sharp paws
a: no special abilities


You were on level 13 of the Dungeon.
You were full.

You visited 2 branches of the dungeon, and saw 14 of its levels.
You also visited: Ossuary.

You collected 1048 gold pieces.
You spent 121 gold pieces at shops.

Inventory:

Hand Weapons
 d - a +0 short sword
 w - the +6 dagger "Bizoekaq" {protect, rF+ Str+5, unknown}
   (You found it on level 5 of the Dungeon)

   It protects the one who uses it against injury (+AC on strike).
   It affects your strength (+5).
   It protects you from fire.
 z - a +0 blowgun
 G - a +0 blowgun
 H - a +0 blowgun
 Q - a +0 blowgun
 W - a +0 blowgun
Missiles
 c - 458 stones
 p - 110 poisoned needles
 y - 8 javelins of returning
 A - 69 sling bullets
 B - 129 arrows
Jewellery
 j - a ring of stealth (left paw)
 v - an uncursed ring of see invisible
 C - an uncursed ring of see invisible
 L - a cursed +2 ring of evasion {unknown}
 U - an uncursed amulet of harm {unknown}
Wands
 q - a wand of iceblast (8/15)
 J - a wand of iceblast (12/15)
 O - a wand of heal wounds (3/9)
 T - a wand of random effects (42/48)
Scrolls
 f - 2 scrolls of teleportation
 g - 5 scrolls of noise
 i - 11 scrolls of identify
 n - 3 scrolls of magic mapping
 r - 9 scrolls of remove curse
 u - a scroll of silence
 K - 2 scrolls of enchant weapon {unknown}
 R - a scroll of holy word {unknown}
Potions
 a - 3 potions of might
 e - a potion of invisibility
 h - 3 potions of flight {unknown}
 k - 5 potions of brilliance {unknown}
 l - a potion of mutation {unknown}
 s - 2 potions of resistance
 x - 3 potions of agility
 P - 2 potions of curing
 X - a potion of degeneration
Books
 o - a book of Maledictions

   Spells                             Type                      Level
   a - Corona                         Hexes                        1
   b - Ensorcelled Hibernation        Hexes/Ice                    2
   c - Confuse                        Hexes                        3
   d - Tukima's Dance                 Hexes                        3
   e - Dazzling Spray                 Conjuration/Hexes            3
 E - a book of Air

   Spells                             Type                      Level
   a - Shock                          Conjuration/Air              1
   b - Swiftness                      Charms/Air                   2
   c - Repel Missiles                 Charms/Air                   2
   d - Static Discharge               Conjuration/Air              3
   e - Lightning Bolt                 Conjuration/Air              5
 N - a book of Maledictions

   Spells                             Type                      Level
   a - Corona                         Hexes                        1
   b - Ensorcelled Hibernation        Hexes/Ice                    2
   c - Confuse                        Hexes                        3
   d - Tukima's Dance                 Hexes                        3
   e - Dazzling Spray                 Conjuration/Hexes            3
 S - a book of Minor Magic

   Spells                             Type                      Level
   a - Magic Dart                     Conjuration                  1
   b - Blink                          Translocation                2
   c - Call Imp                       Summoning                    2
   d - Repel Missiles                 Charms/Air                   2
   e - Slow                           Hexes                        2
   f - Conjure Flame                  Conjuration/Fire             3
   g - Mephitic Cloud                 Conjuration/Poison/Air       3
Miscellaneous
 D - 2 phantom mirrors
Comestibles
 b - 3 meat rations
 m - 5 bread rations
 F - 6 royal jellies
 I - a beef jerky
 M - a slice of pizza


   Skills:
 + Level 4.4 Fighting
 + Level 9.0 Dodging
 + Level 10.8 Stealth
 + Level 11.2 Unarmed Combat
 + Level 6.1 Spellcasting
 * Level 4.1 Conjurations
 * Level 10.8 Hexes
 + Level 3.1 Charms
 + Level 3.9 Ice Magic
 * Level 3.8 Air Magic
 - Level 4.7 Evocations


You had 4 spell levels left.
You knew the following spells:

 Your Spells              Type           Power        Failure   Level  Hunger
a - Corona                Hex            ###....      1%          1    None
b - Ensorcelled Hibernat  Hex/Ice        ###...       1%          2    ##.....
c - Confuse               Hex            ###.....     1%          3    ###....
d - Swiftness             Chrm/Air       ##......     10%         2    ##.....
e - Repel Missiles        Chrm/Air       ##....       10%         2    ##.....
f - Shock                 Conj/Air       ##..         4%          1    None
g - Lightning Bolt        Conj/Air       ##........   91%         5    ######.
h - Blink                 Tloc           N/A          30%         2    ##.....


Dungeon Overview and Level Annotations

Branches:
Dungeon (13/15)            Temple (1/1) D:7            Lair (0/6) D:10
    Orc (0/2) D:11
 Vaults: D:13-14

Altars:
Ashenzari
Cheibriados
Dithmenos
Elyvilon
Fedhas
Gozag
Hepliaklqana
Kikubaaqudgha
Makhleb
Nemelex Xobeh
Okawaru
Qazlal
Ru
Sif Muna
Trog
Uskayaw
Vehumet
Xom
Yredelemnul
Zin
The Shining One

Shops:
D:4 %*=[*   D:5 (*   D:6 (   D:8 *   D:9 :   D:12 (   D:13 !

Portals:
Trove: D:10 (give +5 ring of slaying)

Annotations:
D:4 1 runed door
D:8 Gastronok
D:9 Psyche
D:10 Erolcha; Zebulonius's ghost, novice MiBe


Innate Abilities, Weirdness & Mutations

You cannot wear armour.
You are incapable of wielding weapons or throwing items.
Your paws allow you to move quietly. (Stealth)
You have sharp claws.
You have razor-sharp teeth.
You have supernaturally acute eyesight. (SInv)
You are carnivorous and can eat meat at any time.
You cover ground quickly.
You are covered in thick fur. (AC +2)
You have a slow metabolism.
Your sharp claws are effective at attacking unaware monsters.


Message History

The orc wizard casts a spell.
The orc wizard flickers and vanishes for a moment.
You claw the orc knight!
The orc knight is moderately wounded.
The orc knight hits you with a long sword!
The orc priest calls upon Beogh to heal the orc knight.
You catch the helpless orc knight completely off-guard!
You mangle the orc knight!!
You bite the orc knight, but do no damage.
The orc knight is almost dead.
You barely miss the orc knight.
The orc knight is almost dead.
You scratch the orc knight but do no damage.
The orc knight is almost dead.
The orc knight hits you with a long sword!
* * * LOW HITPOINT WARNING * * *
Okay, then.
The orc priest calls down the wrath of Beogh upon you.
Beogh smites you!
You die...

######...#######.# #....#+###..
.....#...# #.# #....#...#.<
....'...# #.# #....#...#..
...#...# #.#####....#...#..
####'#...# #..........#...#..
.........# #..........#...###
.........#######..........'......
...........ooo.........####.....!
###############.@.<....# .......
............ #...)....# .......
............ #........# ###....
............ #........... ....
............ #............
####'##+#... #............
..o.....# #............
....o....... .............
.o..........


You could see an orc knight (confused), an orc priest and an orc wizard
(invisible).

Vanquished Creatures
  A hill giant (D:12)
  An ugly thing (D:8)
  2 deep elf magi
  2 manticores (D:12)
  A centaur zombie (D:10)
  A cyclops (D:9)
  Maurice (D:11)
  A gargoyle (D:10)
  A queen bee (D:8)
  A hornet (D:13)
  A troll (D:12)
  A two-headed ogre (D:10)
  A meliai zombie (D:13)
  2 hippogriffs
  5 slime creatures (D:12)
  A shadow (D:12)
  Sigmund (D:2)
  14 yaks
  3 wraiths (D:12)
  3 wyverns
  A warg (D:12)
  Menkaure (Ossuary)
  Duvessa (D:4)
  A water moccasin (D:8)
  5 orc warriors
  5 sky beasts
  A phantom (D:9)
  3 ice beasts
  5 black bears
  2 necrophages
  An eye of draining (D:9)
  9 ogres
  7 centaurs
  3 crocodiles
  3 big kobolds
  10 bullfrogs
  A wyvern skeleton (D:10)
  5 scorpions
  Dowan (D:4)
  29 killer bees
  A water moccasin skeleton (D:7)
  5 howler monkeys
  A bullfrog zombie (D:11)
  11 crimson imps
  A quasit (D:9)
  6 hounds
  5 jellies
  3 bullfrog skeletons
  2 orc priests
  7 iguanas
  10 orc wizards
  12 worker ants
  3 mummies (Ossuary)
  2 worker ant zombies
  Robin (D:3)
  2 gnolls
  14 adders
  3 howler monkey skeletons
  2 shadow imps (D:8)
  An ooze (D:4)
  An adder zombie (D:9)
  2 adder skeletons
  3 worms
  2 dart slugs
  7 leopard geckos
  26 orcs
  4 giant cockroaches
  6 gnoll zombies (Ossuary)
  14 hobgoblins
  14 jackals
  21 kobolds
  5 quokkas
  4 ball pythons
  5 bats
  6 frilled lizards
  2 gnoll skeletons (Ossuary)
  17 goblins
  A goblin skeleton (Ossuary)
  3 goblin zombies (Ossuary)
  3 hobgoblin skeletons (Ossuary)
  2 hobgoblin zombies (Ossuary)
  A jackal skeleton (D:8)
  2 kobold skeletons (Ossuary)
  A leopard gecko skeleton (D:5)
  An orc skeleton (Ossuary)
  3 orc zombies (Ossuary)
  A quokka zombie (D:8)
  9 rats
  A rat skeleton (Ossuary)
  A rat zombie (Ossuary)
398 creatures vanquished.

Vanquished Creatures (collateral kills)
  A killer bee (D:8)
1 creature vanquished.

Vanquished Creatures (others)
  4 gnoll skeletons (Ossuary)
  A goblin skeleton (Ossuary)
  2 goblin zombies (Ossuary)
  4 hobgoblin skeletons (Ossuary)
  2 hobgoblin zombies (Ossuary)
  A kobold skeleton (Ossuary)
  3 orc skeletons (Ossuary)
  3 orc zombies (Ossuary)
  A rat (D:2)
  2 rat skeletons (Ossuary)
  3 rat zombies (Ossuary)
26 creatures vanquished.

Grand Total: 425 creatures vanquished

Notes
Turn   | Place    | Note
-------+----------+-------------------------------------------
     0 | D:1      | equalderp2856 the Felid Fighter began the quest for the Orb.
     0 | D:1      | Reached XP level 1. HP: 10/10 MP: 2/2
   355 | D:1      | Reached XP level 2. HP: 9/14 MP: 3/3
   645 | D:2      | Reached XP level 3. HP: 8/17 MP: 4/4
   674 | D:2      | Reached skill level 1 in Stealth
   717 | D:2      | Noticed Sigmund
  1891 | D:2      | Reached skill level 5 in Dodging
  1907 | D:2      | Reached XP level 4. HP: 12/21 MP: 5/5
  2255 | D:2      | Found a white marble altar of Elyvilon.
  2402 | D:2      | Killed from afar by Sigmund
  2403 | D:2      | Reached XP level 3. HP: 0/17 MP: 4/4
  2482 | D:2      | Reached skill level 5 in Unarmed Combat
  2506 | D:2      | Killed Sigmund
  2506 | D:2      | Reached XP level 4. HP: 9/21 MP: 5/5
  2506 | D:2      | Reached XP level 5. HP: 10/24 MP: 6/6
  2788 | D:2      | Found a snail-covered altar of Cheibriados.
  3256 | D:3      | Found a shimmering altar of Xom.
  3258 | D:3      | Found a basalt altar of Yredelemnul.
  3258 | D:3      | Found a shimmering altar of Xom.
  3260 | D:3      | Found an iron altar of Okawaru.
  3260 | D:3      | Found an iron altar of Okawaru.
  3260 | D:3      | Found a radiant altar of Vehumet.
  3626 | D:3      | Learned a level 1 spell: Corona
  3633 | D:3      | Learned a level 2 spell: Ensorcelled Hibernation
  3636 | D:3      | Noticed Robin
  3733 | D:3      | Killed Robin
  3733 | D:3      | Reached skill level 6 in Unarmed Combat
  4077 | D:4      | Found Ipotuetu's Armour Shoppe.
  4095 | D:4      | Found a sparkling altar of Nemelex Xobeh.
  4116 | D:4      | Gained mutation: You are covered in thick fur. (AC +2) [Felid growth]
  4116 | D:4      | Reached XP level 6. HP: 28/28 MP: 7/7
  4174 | D:4      | Found a sacrificial altar of Ru.
  4192 | D:4      | Found Tufiow's Food Boutique.
  4199 | D:4      | Noticed Dowan
  4208 | D:5      | Entered Level 5 of the Dungeon
  4993 | D:5      | Reached skill level 7 in Unarmed Combat
  4993 | D:5      | Reached XP level 7. HP: 31/31 MP: 8/8
  5108 | D:5      | Noticed a hippogriff
  5213 | D:4      | Found Keagal's Jewellery Boutique.
  5327 | D:4      | Found Nessofepp's General Store.
  5634 | D:5      | Found Epegu's Assorted Antiques.
  6389 | D:3      | You fall through a shaft for 3 floors!
  6595 | D:6      | Reached skill level 5 in Stealth
  6641 | D:7      | Reached XP level 8. HP: 17/36 MP: 9/9
  6868 | D:6      | Found a radiant altar of Vehumet.
  6912 | D:6      | Reached skill level 8 in Unarmed Combat
  6987 | D:6      | Found Xikk's Weapon Emporium.
  7793 | D:7      | Found a staircase to the Ecumenical Temple.
  8010 | D:5      | Slain by a hippogriff
  8011 | D:5      | Reached XP level 7. HP: -1/32 MP: 8/8
  8034 | D:5      | Killed a hippogriff
  8240 | D:5      | Found a glowing golden altar of the Shining One.
  8240 | D:5      | Found a deep blue altar of Sif Muna.
  8240 | D:5      | Found a stormy altar of Qazlal.
  8269 | D:5      | Found a blossoming altar of Fedhas.
  8285 | D:5      | Found a shadowy altar of Dithmenos.
  8597 | D:5      | Reached skill level 9 in Unarmed Combat
  8933 | D:5      | Reached XP level 8. HP: 36/36 MP: 9/9
  9096 | D:5      | Got an ancient dagger
  9113 | D:5      | Found Obood's Weapon Emporium.
  9247 | D:4      | Found a runed door.
  9273 | D:4      | Found Huokujug's Assorted Antiques.
  9297 | D:4      | Bought a fuming blue potion for 18 gold pieces
  9464 | D:4      | Bought a potion of heal wounds for 65 gold pieces
  9464 | D:4      | Bought a scroll of identify for 26 gold pieces
  9485 | D:4      | Learned a level 3 spell: Confuse
 10761 | D:4      | Noticed Duvessa
 10786 | D:4      | Killed Dowan
 10798 | D:4      | Found a burning altar of Makhleb.
 10852 | D:4      | Killed Duvessa
 11314 | D:6      | Reached skill level 1 in Hexes
 11314 | D:6      | Reached skill level 1 in Evocations
 11398 | Temple   | Entered the Ecumenical Temple
 11877 | D:7      | Noticed a cyclops
 12448 | D:7      | Reached skill level 1 in Spellcasting
 12605 | D:8      | Found Yroa's General Store.
 12613 | D:8      | Reached skill level 1 in Ice Magic
 12716 | D:8      | Reached XP level 9. HP: 39/39 MP: 11/11
 13129 | D:8      | Reached skill level 10 in Unarmed Combat
 13197 | D:8      | Found a sand-covered staircase.
 13216 | Ossuary  | Entered an ossuary
 13759 | Ossuary  | Noticed Menkaure
 13771 | Ossuary  | Killed Menkaure
 14336 | D:8      | Noticed Gastronok
 16095 | D:8      | Noticed a queen bee
 17015 | D:8      | Noticed a brown ugly thing
 17251 | D:8      | Killed a queen bee
 17251 | D:8      | Reached XP level 10. HP: 41/43 MP: 2/16
 17631 | D:8      | Reached skill level 5 in Hexes
 17847 | D:8      | Killed a brown ugly thing
 18008 | D:8      | Noticed a tengu reaver
 18016 | D:8      | Killed from afar by a tengu reaver
 18017 | D:8      | Reached XP level 9. HP: -5/39 MP: 16/16
 18081 | D:8      | Learned a level 2 spell: Swiftness
 18084 | D:8      | Learned a level 2 spell: Repel Missiles
 18086 | D:8      | Learned a level 1 spell: Shock
 18092 | D:8      | Learned a level 5 spell: Lightning Bolt
 18182 | D:9      | Found Coizeiwe's Book Shop.
 18316 | D:9      | Reached skill level 1 in Air Magic
 18835 | D:9      | Found a snail-covered altar of Cheibriados.
 18839 | D:10     | Entered Level 10 of the Dungeon
 19357 | D:10     | Found a portal to a secret trove of treasure.
 19464 | D:10     | Noticed Zebulonius's ghost (novice MiBe)
 19541 | D:9      | Reached XP level 10. HP: 43/43 MP: 12/17
 20274 | D:9      | Found a shattered altar of Ashenzari.
 20365 | D:9      | Reached skill level 1 in Conjurations
 20573 | D:9      | Noticed Psyche
 20777 | D:9      | Found a basalt altar of Yredelemnul.
 20890 | D:9      | Reached skill level 1 in Charms
 21014 | D:9      | Reached skill level 5 in Spellcasting
 21183 | D:9      | Noticed a deep elf mage
 21365 | D:9      | Killed a deep elf mage
 21800 | D:9      | Noticed a cyclops
 21803 | D:9      | Killed a cyclops
 21863 | D:9      | Noticed a cyclops
 22006 | D:10     | Found a staircase to the Lair.
 22159 | D:10     | Noticed Erolcha
 22294 | D:10     | You fall through a shaft for 2 floors!
 22444 | D:12     | Noticed a deep elf mage
 22450 | D:12     | Killed a deep elf mage
 22450 | D:12     | Reached XP level 11. HP: 46/46 MP: 19/19
 23038 | D:11     | Noticed a purple ugly thing
 23332 | D:11     | Noticed Maurice
 23345 | D:11     | Killed Maurice
 23816 | D:11     | Found a staircase to the Orcish Mines.
 24134 | D:10     | Reached skill level 10 in Hexes
 24818 | D:12     | Reached skill level 10 in Stealth
 24818 | D:12     | Reached skill level 11 in Unarmed Combat
 26386 | D:12     | Noticed a hill giant
 26401 | D:12     | Killed a hill giant
 26638 | D:12     | Found Yposomix's Weapon Shoppe.
 26729 | D:12     | Learned a level 2 spell: Blink
 26746 | D:13     | Noticed an orc knight
 26845 | D:12     | Noticed a skeletal warrior
 26849 | D:12     | Noticed a death knight
 27313 | D:13     | Found Baberixee's Distillery.
 27392 | D:13     | Bought a potion of degeneration for 12 gold pieces
 28403 | D:13     | Killed from afar by an orc priest

Skill      XL: |  1  2  3  4  5  6  7  8  9 10 11 |
---------------+----------------------------------+-----
Stealth        | 2 3 7 8 9 10 | 10.8
Dodging        | 5 6 7 8 9 |  9.0
Unarmed Combat | 5 6 7 9 8 10 11 | 11.2
Fighting       | 4 |  4.4
Hexes          | 2 7 9 10 | 10.8
Evocations     | 1 4 |  4.7
Spellcasting   | 1 3 5 6 |  6.1
Ice Magic      | 1 2 3 |  3.9
Air Magic      | 2 3 |  3.8
Conjurations   | 2 4 |  4.1
Charms         | 2 3 |  3.1

Action                   |  1- 3 |  4- 6 |  7- 9 | 10-12 || total
-------------------------+-------+-------+-------+-------++-------
Melee: Unarmed           |   118 |   168 |   588 |   373 ||  1247
       Bite              |    12 |    16 |    73 |    33 ||   134
       Punch             |     3 |     8 |    14 |    25 ||    50
 Cast: Confuse           |       |       |    43 |    89 ||   132
       Ensorcelled Hiber |       |       |    41 |   130 ||   171
  Use: Scroll            |       |       |    11 |       ||    11
       Potion            |       |       |     6 |     4 ||    10
 Stab: Sleeping          |     2 |     2 |    34 |    59 ||    97
       Distracted        |     1 |       |     9 |     2 ||    12
       Confused          |       |       |    11 |    22 ||    33
  Eat: Chunk             |     1 |     3 |    20 |    35 ||    59
       Pizza             |       |       |     1 |       ||     1
       Meat ration       |       |       |     2 |       ||     2
       Royal jelly       |       |       |       |     1 ||     1
Armor: Skin              |     3 |     4 |    16 |    12 ||    35
Dodge: Dodged            |    97 |   146 |   468 |   306 ||  1017
